 Dungeon Crawl Stone Soup version 0.28-a0-983-g1de4e0787c (webtiles) character file.

Game seed: 15379905998063046112

45573 BinkBink the Grappler (level 14, -7/123 HPs)
             Began as a Troll Transmuter on Dec 3, 2021.
             Was the Champion of Qazlal.
             Mangled by Rupert (10 damage)
             ... while paralysed by Rupert
             ... on level 4 of the Lair of Beasts.
             The game lasted 00:47:43 (17217 turns).

BinkBink the Grappler (Troll Transmuter)           Turns: 17217, Time: 00:47:46

Health: -7/123     AC: 11    Str: 21    XL:     14   Next: 1%
Magic:  25/25      EV:  1    Int:  9    God:    Qazlal [******]
Gold:   887        SH:  0    Dex: 14    Spells: 21/29 levels left

rFire   + + .      SeeInvis +     - Unarmed
rCold   . . .      Faith    .   (no shield)
rNeg    + . .      Spirit   .   l - +2 robe {rN+}
rPois   +          Reflect  +   (helmet restricted)
rElec   .          Harm     .   L - +1 cloak
rCorr   .          Rampage  .   (gloves unavailable)
Will    +....                   (boots unavailable)
Stlth   +.........              j - amulet of reflection
HPRegen 1.10/turn               y - ring "Ivonotir" {*Corrode rPois rF++ SInv}
MPRegen 0.19/turn               M - ring of flight

@: paralysed, protected from physical damage, flying, studying Summonings, repel
missiles
A: large, unfitting armour, claws 3, regeneration 1, shaggy fur 1, tough skin 1
a: Renounce Religion, Upheaval, Elemental Force, Disaster Area


You were on level 4 of the Lair of Beasts.
You worshipped Qazlal.
Qazlal was exalted by your worship.
You visited 4 branches of the dungeon, and saw 20 of its levels.
You also visited: Ossuary.

You collected 1739 gold pieces.
You spent 852 gold pieces at shops.

Inventory:

Missiles
 x - 2 throwing nets
Armour
 l - a +2 robe of positive energy (worn)
 L - a +1 cloak (worn)
Jewellery
 h - a +4 ring of evasion
 j - an amulet of reflection (around neck)
 y - the ring "Ivonotir" (left claw) {*Corrode rPois rF++ SInv}
   (You found it on level 1 of the Lair of Beasts)

   [ring of poison resistance]

   rF:        It greatly protects you from fire.
   rPois:     It protects you from poison.
   SInv:      It lets you see invisible.
   *Corrode:  It may corrode you when you take damage.
 F - a +6 ring of dexterity
 M - a ring of flight (right claw)
 N - a ring of poison resistance
 O - an amulet of faith
Wands
 u - a wand of paralysis (5)
 v - a wand of charming (8)
 w - a wand of iceblast (26)
 B - a wand of polymorph (28)
Scrolls
 a - 2 scrolls of teleportation
 b - 2 scrolls of enchant weapon
 f - a scroll of magic mapping
 i - 4 scrolls of fog
 k - a scroll of identify
 m - 2 scrolls of amnesia
 n - 2 scrolls of immolation
 o - a scroll of acquirement {unknown}
 r - a scroll of brand weapon
 t - 2 scrolls of enchant armour
 A - 3 scrolls of vulnerability
 I - 4 scrolls of torment
 K - a scroll of fear {unknown}
 Q - 2 scrolls of summoning
Potions
 c - 2 potions of invisibility
 d - 4 potions of might
 e - 8 potions of curing
 g - 6 potions of degeneration
 q - 2 potions of heal wounds
 s - 2 potions of mutation
 z - a potion of cancellation
 C - a potion of flight
 D - 2 potions of lignification
 E - 3 potions of attraction
 G - a potion of haste
 H - a potion of resistance
 J - 6 potions of ambrosia


   Skills:
 + Level 4.0 Fighting
 + Level 7.5 Dodging
 - Level 2.0 Stealth
 - Level 1.5 Shields
 + Level 14.8 Unarmed Combat
 + Level 8.3 Spellcasting
 + Level 9.0 Transmutations


You had 21 spell levels left.
You knew the following spells:

 Your Spells              Type           Power      Damage    Failure   Level
a - Beastly Appendage     Tmut           40%        N/A       1%          1
b - Wereblood             Tmut           20%        N/A       1%          2
c - Passwall              Tmut/Erth      9%         N/A       4%          2
d - Spider Form           Tmut/Pois      11%        N/A       9%          3

Your spell library contained the following spells:

 Spells                   Type           Power      Damage    Failure   Level
 Blade Hands              Tmut           10%        N/A       12%         5
 Apportation              Tloc           6%         N/A       17%         1
 Magic Dart               Conj           12%        1d3       17%         1
 Sandblast                Erth           6%         2d5       17%         1
 Summon Small Mammal      Summ           12%        N/A       17%         1
 Blink                    Tloc           6%         N/A       26%         2
 Call Imp                 Summ           3%         N/A       26%         2
 Ensorcelled Hibernation  Hex/Ice        6%         N/A       26%         2
 Static Discharge         Conj/Air       3%         N/A       26%         2
 Ice Form                 Ice/Tmut       11%        N/A       26%         4
 Call Canine Familiar     Summ           3%         N/A       45%         3
 Lesser Beckoning         Tloc           3%         N/A       45%         3
 Mephitic Cloud           Conj/Pois/Air  3%         N/A       45%         3
 Stone Arrow              Conj/Erth      6%         3d7       45%         3
 Summon Guardian Golem    Hex/Summ       3%         N/A       45%         3
 Swiftness                Air            3%         N/A       45%         3
 Alistair's Intoxication  Tmut/Pois      7%         N/A       58%         5
 Animate Armour           Summ/Erth      6%         N/A       86%         4
 Lightning Bolt           Conj/Air       1%         1d12      99%         5
 Manifold Assault         Tloc           3%         N/A       99%         5
 Iron Shot                Conj/Erth      1%         9d1       100%        6
 Orb of Destruction       Conj           1%         N/A       100%        7
 Spellforged Servitor     Conj/Summ      1%         N/A       100%        7
 Maxwell's Capacitive Co  Air            1%         ∞         100%        8


Dungeon Overview and Level Annotations

Branches:
Dungeon (13/15)            Temple (1/1) D:6            Lair (4/6) D:9
 Shoals (0/4) Lair:3          Orc (2/2) D:10            Elf (0/3) Orc:2
Ossuary (visited)
  Snake: Lair:2-4    Spider: Lair:2-4    Vaults: D:13-14

Altars:
Ashenzari
Cheibriados
Dithmenos
Elyvilon
Fedhas
Gozag
Hepliaklqana
Kikubaaqudgha
Makhleb
Nemelex Xobeh
Okawaru
Qazlal
Ru
Sif Muna
Trog
Uskayaw
Vehumet
Wu Jian
Xom
Yredelemnul
Zin
The Shining One
Beogh

Shops:
D:1 ?=!   D:3 [   D:4 :   D:9 (   D:10 *   Orc:2 (**(

Annotations:
D:12 2 transporters, Maurice
Lair:4 Rupert


Innate Abilities, Weirdness & Mutations

You are too large for most types of armour.
You have claws for hands.
Your natural rate of healing is unusually fast.
You are covered in fur. (AC +1)
You have tough skin. (AC +1)


Message History

Your horns disappear.
Your talons disappear.
A wyvern comes into view.
Found 16 stones.
Found an escape hatch in the floor.
You hear a croak.
The wyvern bites you!
You feel more protected from physical attacks.
The yak is engulfed in blazing flames.
You block the wyvern's attack.
The yak is engulfed in blazing flames.
The wyvern bites you.
You feel more protected from physical attacks.
Rupert is no longer berserk.
Rupert roars wildly at you.
You suddenly lose the ability to move!
The wyvern bites you!
You feel more protected from physical attacks.
The wyvern bites you.
Rupert is engulfed in blazing flames.
The wyvern bites you!
* * * LOW HITPOINT WARNING * * *
Rupert looks as if he doubts whether you exists.
Rupert hits you with a +1 great mace of holy wrath!
* * * LOW HITPOINT WARNING * * *
The wyvern bites you but does no damage.
The yak snorts and paws the ground.
The wyvern bites you!
* * * LOW HITPOINT WARNING * * *
You feel more protected from physical attacks.
The wyvern bites you but does no damage.
Rupert is engulfed in blazing flames.
Rupert hits you but does no damage. The yak gores you.
* * * LOW HITPOINT WARNING * * *
The wyvern bites you.
* * * LOW HITPOINT WARNING * * *
You feel more protected from physical attacks.
A cane toad comes into view.
The wyvern bites you but does no damage.
The yak gores you!
* * * LOW HITPOINT WARNING * * *
The yak is engulfed in blazing flames.
Rupert is engulfed in blazing flames.
Rupert hits you with a +1 great mace of holy wrath!
You die...

##.#...............# .⌠
.. #..##....$...........
##.................##..
#.......Y.P..P...##.....
#..........#P###[.... ..
#........#### .#...# .
###.......#### #...##
##......YYl##.....#
##.....YY@@§....#
#......YY.#>.⌠##
##P....Y.°# ..#
##.......# .#
#.......... .#
#..........#. .#
#.......(... .
.......F..


You could see Rupert (slow), 7 yaks, a cane toad and a wyvern.

Vanquished Creatures
  2 hydras
  2 boulder beetles
  A centaur warrior (D:13)
  A death knight (D:12)
  5 orc high priests
  6 two-headed ogres
  A phantasmal warrior (D:13)
  A deep elf pyromancer (D:12)
  5 orc knights (Orc:2)
  4 cyclopes
  4 orc sorcerers
  4 manticores
  2 black mambas
  An elephant (D:9)
  4 merfolk sirens (Lair:3)
  7 cane toads
  3 gargoyles (D:12)
  2 komodo dragons
  A queen bee (D:9)
  5 trolls
  A polar bear (Lair:2)
  Prince Ribbit (D:7)
  2 hornets
  15 slime creatures
  4 blink frogs (Lair:3)
  Sigmund (D:2)
  A wraith (D:13)
  3 wyverns
  23 yaks
  4 basilisks
  3 vampire mosquitoes
  Edmund (D:5)
  6 water moccasins
  24 orc warriors
  2 sky beasts
  6 ogres
  7 black bears
  4 centaurs
  5 necrophages
  8 wolves
  A phantom (D:5)
  15 bullfrogs
  A wyvern zombie (D:7)
  4 scorpions
  31 killer bees
  An electric eel (D:6)
  16 wights
  6 howler monkeys
  2 centaur zombies (D:10)
  22 orc priests
  2 jellies
  3 hounds
  4 iguanas
  A centaur skeleton (D:6)
  A gnoll shaman (D:7)
  Jessica (D:2)
  25 orc wizards
  2 killer bee zombies
  A hound skeleton (D:5)
  8 mummies (Ossuary)
  3 howler monkey zombies
  7 adders
  2 shadow imps
  An ufetubus (D:6)
  6 dart slugs
  76 orcs
  7 ball pythons
  7 endoplasms
  3 hobgoblins
  6 jackals (D:3)
  A quokka (D:1)
  4 bats
  3 frilled lizards (D:1)
  A gnoll zombie (Ossuary)
  7 goblins
  2 hobgoblin zombies (Ossuary)
  8 kobolds
  4 kobold zombies (Ossuary)
  An orc zombie (Ossuary)
  12 rats
  A bush (D:7)
491 creatures vanquished.

Vanquished Creatures (collateral kills)
  An orc sorcerer (Orc:2)
  2 orc warriors (Orc:2)
3 creatures vanquished.

Vanquished Creatures (others)
  An orc wizard (Orc:2)
  5 fungi
  18 plants
24 creatures vanquished.

Grand Total: 518 creatures vanquished

Notes
Turn   | Place    | Note
-------+----------+-------------------------------------------
     0 | D:1      | BinkBink the Troll Transmuter began the quest for the Orb.
     0 | D:1      | Reached XP level 1. HP: 18/18 MP: 1/1
    30 | D:1      | Found Otoihoyx's Jewellery Emporium.
   111 | D:1      | Found Xasi's Magic Scroll Shop.
   222 | D:1      | Found Tizosh's Distillery.
   378 | D:1      | Reached XP level 2. HP: 26/26 MP: 3/3
   832 | D:1      | Bought a potion of degeneration for 11 gold pieces
   920 | D:2      | Noticed Sigmund
   945 | D:2      | Killed Sigmund
   946 | D:2      | Reached skill level 4 in Unarmed Combat
   946 | D:2      | Reached XP level 3. HP: 8/32 MP: 2/4
   946 | D:2      | Reached XP level 4. HP: 10/40 MP: 2/5
   946 | D:2      | Reached XP level 5. HP: 11/46 MP: 2/6
  1034 | D:2      | Noticed Jessica
  1041 | D:2      | Killed Jessica
  1042 | D:2      | Reached skill level 5 in Unarmed Combat
  1506 | D:2      | Found a faded altar of an unknown god.
  1921 | D:3      | Reached XP level 6. HP: 48/54 MP: 5/7
  2221 | D:3      | Found Enofrul's Antique Armour Shoppe.
  2264 | D:3      | Reached skill level 1 in Fighting
  2280 | D:3      | Bought a runed robe for 62 gold pieces
  2768 | D:1      | Bought a scroll of teleportation for 30 gold pieces
  2768 | D:1      | Bought a scroll of identify for 20 gold pieces
  2768 | D:1      | Bought a scroll of amnesia for 35 gold pieces
  2768 | D:1      | Bought a scroll of fog for 20 gold pieces
  2768 | D:1      | Bought a scroll of immolation for 35 gold pieces
  2988 | D:4      | Reached skill level 6 in Unarmed Combat
  2988 | D:4      | Reached XP level 7. HP: 62/62 MP: 7/9
  3083 | D:4      | Found a snail-covered altar of Cheibriados.
  3416 | D:4      | Found Rit Defy's Book Boutique.
  3780 | D:5      | Entered Level 5 of the Dungeon
  3816 | D:5      | Reached skill level 1 in Stealth
  3912 | D:5      | Noticed Edmund
  3924 | D:5      | Killed Edmund
  3925 | D:5      | Reached XP level 8. HP: 40/70 MP: 9/11
  4247 | D:5      | Reached skill level 7 in Unarmed Combat
  4912 | D:6      | Found a radiant altar of Vehumet.
  4966 | D:6      | Found a sparkling altar of Nemelex Xobeh.
  4972 | D:6      | Reached skill level 1 in Shields
  5121 | D:6      | Reached XP level 9. HP: 79/79 MP: 12/14
  5168 | D:6      | Found a staircase to the Ecumenical Temple.
  5174 | Temple   | Entered the Ecumenical Temple
  5410 | Temple   | Became a worshipper of Qazlal Stormbringer
  6008 | D:7      | Reached skill level 8 in Unarmed Combat
  6067 | D:7      | Noticed Prince Ribbit
  6099 | D:7      | Killed Prince Ribbit
  6102 | D:7      | Found a sand-covered staircase.
  6107 | Ossuary  | Entered an ossuary
  6209 | Ossuary  | Reached * piety under Qazlal
  6416 | D:7      | Found a shadowy altar of Dithmenos.
  6508 | D:7      | Found a glowing golden altar of the Shining One.
  6896 | D:7      | Found a blossoming altar of Fedhas.
  6947 | D:7      | Reached skill level 9 in Unarmed Combat
  7316 | D:1      | Bought a potion of flight for 33 gold pieces
  7316 | D:1      | Bought a potion of might for 44 gold pieces
  7316 | D:1      | Bought a potion of lignification for 33 gold pieces
  7316 | D:1      | Bought a potion of attraction for 33 gold pieces
  7319 | D:1      | Learned a level 2 spell: Wereblood
  7322 | D:1      | Learned a level 2 spell: Passwall
  7326 | D:1      | Learned a level 3 spell: Spider Form
  7637 | D:8      | Reached ** piety under Qazlal
  7649 | D:8      | Reached XP level 10. HP: 49/88 MP: 14/16
  8135 | D:9      | Found Darut Kut's Antique Weapon Boutique.
  8151 | D:9      | Found a staircase to the Lair.
  8151 | D:9      | Noticed an elephant
  8178 | D:8      | Reached skill level 5 in Spellcasting
  8197 | D:9      | Noticed a two-headed ogre
  8205 | D:9      | Killed a two-headed ogre
  8323 | D:9      | Reached skill level 5 in Transmutations
  8362 | D:9      | Killed an elephant
  8363 | D:9      | Reached skill level 10 in Unarmed Combat
  8749 | D:9      | Reached *** piety under Qazlal
  8946 | D:9      | Reached XP level 11. HP: 73/94 MP: 13/18
  9384 | D:10     | Entered Level 10 of the Dungeon
  9491 | D:10     | Noticed a two-headed ogre
  9495 | D:10     | Reached skill level 5 in Dodging
  9558 | D:9      | Killed a two-headed ogre
  9649 | D:10     | Reached **** piety under Qazlal
  9670 | D:10     | Found a staircase to the Orcish Mines.
  9701 | D:10     | Found Zin's Purification Station.
  9725 | D:10     | Found a glowing silver altar of Zin.
  9756 | D:10     | Reached skill level 11 in Unarmed Combat
  9833 | D:10     | Found a faded altar of an unknown god.
  9833 | D:10     | Found a bloodstained altar of Trog.
  9839 | D:10     | Found an iron altar of Okawaru.
  9841 | D:10     | Found an ornate altar of the Wu Jian Council.
  9843 | D:10     | Found a shimmering blue altar of Sif Muna.
  9886 | D:10     | Found a hide-covered altar of Uskayaw.
 10134 | D:11     | Noticed a two-headed ogre
 10145 | D:10     | Killed a two-headed ogre
 10660 | D:11     | Noticed a boulder beetle
 10682 | D:11     | Killed a boulder beetle
 11082 | D:12     | Reached skill level 12 in Unarmed Combat
 11133 | D:12     | Reached XP level 12. HP: 102/105 MP: 18/21
 11160 | D:12     | Noticed a two-headed ogre
 11165 | D:12     | Killed a two-headed ogre
 11194 | D:12     | Noticed a two-headed ogre
 11517 | D:1      | Bought a scroll of identify for 20 gold pieces
 11517 | D:1      | Bought a scroll of blinking for 75 gold pieces
 11529 | D:1      | Bought a potion of curing for 33 gold pieces
 11529 | D:1      | Bought a potion of invisibility for 88 gold pieces
 11529 | D:1      | Bought a potion of curing for 33 gold pieces
 11569 | D:1      | Bought a ring of flight for 175 gold pieces
 11826 | Orc:1    | Entered Level 1 of the Orcish Mines
 11850 | Orc:1    | Noticed an orc high priest
 11911 | Orc:1    | Killed an orc high priest
 11911 | Orc:1    | Reached ***** piety under Qazlal
 12440 | Orc:2    | Entered Level 2 of the Orcish Mines
 12440 | Orc:2    | Found a staircase to the Elven Halls.
 12441 | Orc:2    | Noticed an orc high priest
 12490 | Orc:2    | Killed an orc high priest
 12610 | Orc:2    | Noticed an orc high priest
 12613 | Orc:2    | Noticed an orc high priest
 12614 | Orc:2    | Noticed an orc high priest
 12624 | Orc:2    | Killed an orc high priest
 12669 | Orc:2    | Reached skill level 13 in Unarmed Combat
 12784 | Orc:2    | Killed an orc high priest
 12790 | Orc:2    | Killed an orc high priest
 12987 | Orc:2    | Paralysed by an orc sorcerer for 5 turns
 13422 | Orc:2    | Reached XP level 13. HP: 113/113 MP: 21/23
 13486 | Orc:2    | Found Usinyeba's Antique Weapon Emporium.
 13491 | Orc:2    | Found Byrim's Assorted Antiques.
 13498 | Orc:2    | Found Vini's General Store.
 13500 | Orc:2    | Found Saopsoso's Weapon Emporium.
 13506 | Orc:2    | Bought a potion of curing for 36 gold pieces
 13506 | Orc:2    | Bought a potion of curing for 36 gold pieces
 14378 | D:12     | Noticed Maurice
 14381 | D:12     | Found a transporter.
 14503 | D:12     | Found a transporter.
 14657 | D:13     | Reached skill level 14 in Unarmed Combat
 14970 | Lair:1   | Entered Level 1 of the Lair of Beasts
 15172 | Lair:1   | Identified the ring "Ivonotir" {*Corrode rPois rF++ SInv}
 15622 | Lair:2   | Reached ****** piety under Qazlal
 16694 | Lair:3   | Found a sacrificial altar of Ru.
 17033 | Lair:3   | Found a staircase to the Shoals.
 17172 | Lair:4   | Noticed Rupert
 17179 | Lair:4   | Reached XP level 14. HP: 89/123 MP: 22/25
 17212 | Lair:4   | Paralysed by Rupert for 7 turns
 17217 | Lair:4   | HP: 3/123 [yak (7)]
 17217 | Lair:4   | Mangled by Rupert

Illustrated notes

Levels and vault maps discovered:
D:1:      lightli_arrival_statuegarden, layout_loops_corners, serial_shops,
          shop, nicolae_shop_stone, shop
D:2:      layout_basic, serial_rivers, chequers_serial_rivers_large_b,
          chequers_serial_rivers_room_a, chequers_serial_rivers_large_a,
          chequers_serial_rivers_marsh, chequers_serial_rivers_room_a,
          chequers_serial_rivers_room_b, dreamdust_ecumenical_altar_statues,
          uniq_sigmund, uniq_jessica
D:3:      layout_loops_ring, serial_shops, shop_coins, fountainhead
D:4:      layout_loops_corners, amcnicky_altar_gilded, serial_shops,
          nicolae_shop_statue_plus, minmay_manual_mess
D:5:      layout_basic, uniq_edmund
D:6:      layout_gridville, vehumet_crystals, old_standard_altar,
          minmay_temple_entry_hall, minmay_misc_feat_room, serial_bayou_lagoon_a
D:7:      layout_basic, fedhas_altar_decomposition, grunt_dithmenos_shadows,
          tso_altar, enter_ossuary_2, grunt_tough_drop, uniq_prince_ribbit1
D:8:      layout_rooms, amethyst_killhole
D:9:      layout_basic, david_lair_generic, special_room [special_room_bee],
          serial_shops, shop
D:10:     layout_cave_pools, zin_purify, marbit_many_paths,
          chequers_temple_overflow_minitemple, minmay_orc_entry_temple_small
D:11:     layout_cave_pods, minivault_11, amcnicky_mini_pool_medium
D:12:     gammafunk_beogh_shrine, layout_basic, lemuel_old_faithful,
          uniq_maurice
D:13:     layout_irregular_city
Temple:   jpeg_temple_alley_garden
Lair:1:   layout_roguey, chequers_serial_rivers_small_a, grunt_megastairs_2
Lair:2:   layout_cave_shapes, grunt_megastairs_4, infiniplex_staircase_pool_2
Lair:3:   layout_gridlike, elwin_shoals_entry_stream, basic_altar,
          nicolae_quartered_pool_impasse, beast_lair_carwin_9
Lair:4:   layout_cave_shapes, dummy_spider_entry, grunt_megastairs_5,
          lemuel_fruit_tree, lemuel_fruit_fields, uniq_rupert
Orc:1:    layout_diamond_mine, mines2_david
Orc:2:    st_orc_elflike, layout_caves

Skill      XL: |  1  2  3  4  5  6  7  8  9 10 11 12 13 |
---------------+----------------------------------------+-----
Dodging        | 2 3 4 5 6 7 |  7.5
Unarmed Combat | 4 5 6 7 9 10 12 13 14 | 14.8
Transmutations | 2 3 4 5 6 8 9 |  9.0
Spellcasting   | 2 4 5 6 7 8 |  8.3
Fighting       | 1 2 3 4 |  4.0
Stealth        | 1 2 |  2.0
Shields        | 1 |  1.5

Action                   |  1- 3 |  4- 6 |  7- 9 | 10-12 | 13-15 || total
-------------------------+-------+-------+-------+-------+-------++-------
Melee: Unarmed           |    45 |   107 |   339 |   566 |   295 ||  1352
       Kick              |     3 |    17 |    67 |   182 |   100 ||   369
       Headbutt          |     1 |    12 |    41 |   106 |    55 ||   215
       Punch             |       |     2 |    14 |    43 |    18 ||    77
 Cast: Beastly Appendage |     2 |    30 |    67 |    77 |    34 ||   210
       Wereblood         |       |       |     4 |    79 |    37 ||   120
  Use: Potion            |     1 |       |       |     3 |       ||     4
       Scroll            |       |       |       |    16 |     2 ||    18
 Stab: Sleeping          |     1 |       |     3 |       |       ||     4
Armor: Robe              |     9 |    19 |    46 |    93 |    67 ||   234
Dodge: Dodged            |    18 |    54 |   157 |   314 |   136 ||   679
       Repelled          |       |       |       |     4 |       ||     4
Block: Other             |       |     3 |    59 |   235 |   190 ||   487
       Reflection        |       |       |     3 |    13 |     3 ||    19

Table legend: (Time is in decaauts)
 A = Elapsed time spent in this place.
 B = Non-inter-level travel time spent in this place.
 C = Inter-level travel time spent in this place.
 D = Time resting spent in this place.
 E = Time spent auto-exploring this place.
 F = Levels seen in this place.
 G = Mean time per level.
                   A        B        C        D        E       F      G
               +--------+--------+--------+--------+--------+-----+--------+
         Total |  17039 |  15268 |   1771 |      0 |  11957 |  21 |  811.4 |
       Dungeon |  12696 |  11139 |   1557 |      0 |   8820 |  13 |  976.6 |
        Temple |    269 |    178 |     91 |      0 |    169 |   1 |  269.0 |
          Lair |   2196 |   2138 |     58 |      0 |   1713 |   4 |  549.0 |
  Orcish Mines |   1625 |   1561 |     64 |      0 |   1117 |   2 |  812.5 |
       Ossuary |    251 |    251 |      0 |      0 |    138 |   1 |  251.0 |
               +--------+--------+--------+--------+--------+-----+--------+

Top non-repeatable levels by time:
     D:9: 1310 daAuts
     D:5: 1242 daAuts
     D:2: 1216 daAuts
     D:7: 1182 daAuts
    D:12: 1147 daAuts
    D:11: 1059 daAuts
     D:4: 1050 daAuts
   Orc:2: 1024 daAuts
     D:1: 988 daAuts
     D:3: 929 daAuts
    D:10: 889 daAuts
     D:6: 776 daAuts
  Lair:3: 768 daAuts
  Lair:2: 727 daAuts
     D:8: 686 daAuts
